 Dungeon Crawl Stone Soup version 0.27-a0-861-g9529aa9 (webtiles) character file.

Game seed: 10862578524489076567

49 Nithhogg the Skirmisher (level 3, 0/33 HPs)
             Began as a Minotaur Fighter on Apr 2, 2021.
             Killed from afar by Sigmund (7 damage)
             ... with a puff of flame
             ... on level 2 of the Dungeon.
             The game lasted 00:03:07 (1374 turns).

Nithhogg the Skirmisher (Minotaur Fighter)          Turns: 1374, Time: 00:03:07

Health: 0/33       AC:  7    Str: 21    XL:     3   Next: 53%
Magic:  2/2        EV: 10    Int:  5    God:
Gold:   47         SH:  0    Dex:  9    Spells: 2/2 levels left

rFire    . . .     SeeInvis .   a - +0 war axe
rCold    . . .     Faith    .   (no shield)
rNeg     . . .     Spirit   .   b - +0 scale mail
rPois    .         Reflect  .   (helmet restricted)
rElec    .         Harm     .   (no cloak)
rCorr    .         Rampage  .   (no gloves)
Will     .....                  (no boots)
Stlth    ..........             (no amulet)
HPRegen  0.11/turn              (no ring)
MPRegen  0.08/turn              (no ring)

@: no status effects
A: horns 2, retaliatory headbutt
a: no special abilities


You were on level 2 of the Dungeon.
You visited 1 branch of the dungeon, and saw 2 of its levels.

You collected 47 gold pieces.

Inventory:

Hand Weapons
 a - a +0 war axe (weapon)
Armour
 b - a +0 scale mail (worn)
 c - a +0 kite shield
 h - a +1 ring mail of fire resistance
Scrolls
 f - a scroll of torment {unknown}
 g - a scroll of fear {unknown}
 i - a scroll of noise {unknown}
Potions
 d - a potion of might
 e - 2 potions of invisibility {unknown}
 j - a potion of flight {unknown}


   Skills:
 + Level 4.1 Fighting
 * Level 3.5 Axes
 + Level 4.1 Armour
 + Level 1.4 Dodging
 - Level 3.6 Shields


You had 2 spell levels left.
You didn't know any spells.
Your spell library contained the following spells:

 Spells                   Type           Power      Damage    Failure   Level
 Magic Dart               Conj           0%         1d3       80%         1
 Blink                    Tloc           N/A        N/A       91%         2
 Call Imp                 Summ           0%         N/A       91%         2
 Slow                     Hex            0%         N/A       91%         2
 Conjure Flame            Conj/Fire      0%         6-21      99%         3
 Mephitic Cloud           Conj/Pois/Air  0%         N/A       99%         3


Dungeon Overview and Level Annotations

Branches:
Dungeon (2/15)

Altars:

Shops:
D:2 ?

Annotations:
D:2 Sigmund


Innate Abilities, Weirdness & Mutations

You have a pair of horns on your head.
You reflexively headbutt those who attack you in melee.


Message History

Sigmund the Dreaded comes into view.
He is wielding a +3 scythe of protection.
Sigmund shouts!
Sigmund points at himself and mumbles some strange words.
Sigmund flickers and vanishes!
Deactivating autopickup; reactivate with Ctrl-A.
There is a strange disturbance nearby!
No target in view!
You start waiting.
There is a strange disturbance nearby!
No target in view!
Something hits you!
You miss something. Something hits you! Something hits you.
A puff of flame appears from out of thin air!
The puff of flame hits you.
* * * LOW HITPOINT WARNING * * *
There is an open door here.
A puff of flame appears from out of thin air!
The puff of flame hits you.
* * * LOW HITPOINT WARNING * * *
You close the door.
A puff of flame appears from out of thin air!
The puff of flame hits you but does no damage.
Sigmund appears from thin air!
Reactivating autopickup.
Sigmund gestures at you while chanting. The puff of flame misses you.
You open the door.
There is an open door here.
(D) Dungeon
Where to? (Enter - D:2, ? - help) Sigmund is nearby!
You close the door.
Sigmund opens the door.
Sigmund points at you and mumbles some strange words.
The puff of flame hits you.
* * * LOW HITPOINT WARNING * * *
Sigmund points at you and mumbles some strange words.
The puff of flame hits you!
You die...

#.#..#...........# #.#.......###
..##.#...........## #.#.........)
.....#.#####......###+#@########.
.....#.# #......##.....## #.
.......#####......##......######.
#####.....##.....................
#.......#.##...................#.
#.......#.##...........#.......#.
#.....>.#+###...@......#.......#.
#.............###....###.......#.
#.............# #....# ##..♣..##.
#.............###....# ########.
########......'......# #.
###......####...# #........#
#...# #.............# #####
#...............#


You could see Sigmund.

Vanquished Creatures
  An adder (D:2)
  2 dart slugs
  A bat (D:2)
  4 endoplasms
  3 goblins
  3 hobgoblins
  10 jackals
  A quokka (D:1)
  2 ball pythons
  2 frilled lizards (D:1)
  2 kobolds (D:1)
31 creatures vanquished.

Notes
Turn   | Place    | Note
-------+----------+-------------------------------------------
     0 | D:1      | Nithhogg the Minotaur Fighter began the quest for the Orb.
     0 | D:1      | Reached XP level 1. HP: 19/19 MP: 0/0
   165 | D:1      | You fall into a shaft and drop 1 floor!
   211 | D:2      | Reached XP level 2. HP: 25/27 MP: 1/1
   301 | D:2      | Found Jiziod's Magic Scroll Shoppe.
   310 | D:2      | Reached skill level 1 in Dodging
   690 | D:1      | You fall into a shaft and drop 1 floor!
   726 | D:1      | Reached XP level 3. HP: 31/33 MP: 2/2
  1313 | D:2      | Noticed Sigmund
  1374 | D:2      | Killed from afar by Sigmund

Illustrated notes

Levels and vault maps discovered:
D:1:      dpeg_arrival_erosion, layout_loops_cross, chequers_garden
D:2:      layout_basic, serial_shops, shop, basic_altar, kennysheep_nub,
          uniq_terence, uniq_sigmund

Skill      XL: |  1  2 |
---------------+-------+-----
Axes           | 3 |  3.5
Dodging        | 1 |  1.4
Fighting       | 4 |  4.1
Armour         | 4 |  4.1
Shields        | |  3.6

Action                   || total
-------------------------++-------
Melee: War axe           ||    56
       Headbutt          ||    13
Armor: Scale mail        ||    30
Dodge: Dodged            ||    31

Table legend: (Time is in decaauts)
 A = Elapsed time spent in this place.
 B = Non-inter-level travel time spent in this place.
 C = Inter-level travel time spent in this place.
 D = Time resting spent in this place.
 E = Time spent auto-exploring this place.
 F = Levels seen in this place.
 G = Mean time per level.
                   A        B        C        D        E       F      G
               +--------+--------+--------+--------+--------+-----+--------+
         Total |   1395 |   1331 |     64 |      6 |   1112 |   2 |  697.5 |
       Dungeon |   1395 |   1331 |     64 |      6 |   1112 |   2 |  697.5 |
               +--------+--------+--------+--------+--------+-----+--------+

Top non-repeatable levels by time:
     D:1: 864 daAuts
     D:2: 531 daAuts
